 Dungeon Crawl Stone Soup version 0.30-a0-715-gdb4ae3ece1 (webtiles) character file.

Game seed: 10372941625128746928

492 HoaS the Ruffian (level 6, -7/48 HPs)
             Began as a Demigod Gladiator on Jan 23, 2023.
             Killed by nerve-wracking pain
             ... invoked by Grinder
              (12 damage)
             ... on level 5 of the Dungeon.
             The game lasted 00:11:18 (4487 turns).

HoaS the Ruffian (Demigod Gladiator)                Turns: 4487, Time: 00:11:18

Health: -7/48      AC: 14    Str: 23    XL:     6   Next: 59%
Magic:  8/8        EV: 11    Int: 10    God:
Gold:   101        SH:  0    Dex: 15    Spells: 5/5 levels left

rFire   . . .      SeeInvis +      - Unarmed
rCold   . . .      Faith    .    (no shield)
rNeg    . . .      Spirit   .    i - +1 scale mail
rPois   .          Reflect  .    m - +2 helmet
rElec   .          Harm     .    l - +1 cloak
rCorr   .          Rampage  .    r - +1 pair of gloves
Will    .....                    (no boots) Stlth
                                 (no amulet)
HPRegen 0.28/turn                n - ring of see invisible
MPRegen 0.11/turn                (no ring)

@: no status effects
A: high MP 1, forlorn, divine attributes
a: no special abilities


You were on level 5 of the Dungeon.
You visited 1 branch of the dungeon, and saw 5 of its levels.

You collected 206 gold pieces.
You spent 105 gold pieces at shops.

Inventory:

Missiles
 c - 3 throwing nets
 g - 7 boomerangs (quivered)
 j - 3 atropa-tipped darts
 o - 7 poisoned darts
Armour
 i - a +1 scale mail (worn)
 l - a +1 cloak (worn)
 m - a +2 helmet (worn)
 r - a +1 pair of gloves (worn)
 u - a +0 chain mail
Jewellery
 n - a ring of see invisible (left hand)
Scrolls
 a - a scroll of fear
 k - 2 scrolls of teleportation
 s - 2 scrolls of fog
Potions
 b - 2 potions of attraction
 e - a potion of cancellation
 f - 4 potions of curing {unknown}
 h - 4 potions of heal wounds
 p - a potion of mutation {unknown}
 q - 2 potions of lignification {unknown}
 t - a potion of haste {unknown}


   Skills:
 - Level 1.7 Fighting
 - Level 1.7 Throwing
 - Level 2.6 Dodging
 + Level 7.2 Unarmed Combat


You had 5 spell levels left.
You didn't know any spells.
Your spell library was empty.

Dungeon Overview and Level Annotations

Branches:
Dungeon (5/15)             Temple (0/1) D:4

Shops:
D:1 ?   D:4 [

Annotations:
D:5 Grinder


Innate Abilities, Weirdness & Mutations

You have an increased reservoir of magic. (+10% MP)
You shall have no god before yourself.
Your divine heritage dramatically boosts your attributes as you level up.


Message History

Found a scroll labelled YNIFOKH ZAAFO.
Grinder gestures at you.
You shrug off the repeated paralysis!
You barely miss Grinder.
Grinder is lightly wounded.
Grinder gestures at you. Pain shoots through your body!
You barely miss Grinder.
Grinder is lightly wounded.
Grinder hits you but does no damage.
You hit Grinder.
Grinder is moderately wounded.
You hit Grinder but do no damage.
Grinder is moderately wounded.
Grinder barely misses you.
You closely miss Grinder. You punch Grinder, but do no damage.
Grinder is moderately wounded.
Grinder gestures at you.
You suddenly lose the ability to move!
Grinder gestures at you. Pain shoots through your body!
Grinder hits you but does no damage.
You can move again.
Unknown command.
Unknown command.
Unknown command.
Unknown command.
You punch Grinder!
Grinder is heavily wounded.
Grinder gestures at you. Pain shoots through your body!
* * * LOW HITPOINT WARNING * * *
You punch Grinder!
Grinder is severely wounded.
Grinder hits you but does no damage.
You barely miss Grinder.
Grinder is severely wounded.
Grinder gestures at you. Pain shoots through your body!
You die...

#.# ##...##
###)# ##.##
....#
######.#
#####
#......#
#.######
####### #.#
....... #.#
#######
##########.#
?....>5@...#
############


You could see Grinder.

Vanquished Creatures
  A water moccasin (D:5)
  An ogre (D:5)
  A necrophage (D:5)
  A jelly (D:5)
  2 iguanas
  5 adders
  A white imp (D:5)
  An ufetubus (D:5)
  2 worms
  A dart slug (D:2)
  8 orcs
  6 ball pythons
  5 endoplasms
  5 giant cockroaches
  6 goblins
  9 hobgoblins
  10 jackals
  10 kobolds
  4 quokkas
  6 bats
  3 frilled lizards
  5 rats
93 creatures vanquished.

Notes
Turn   | Place    | Note
-------+----------+-------------------------------------------
     0 | D:1      | HoaS the Demigod Gladiator began the quest for the Orb.
     0 | D:1      | Reached XP level 1. HP: 17/17 MP: 3/3
    53 | D:1      | Reached skill level 3 in Unarmed Combat
    89 | D:1      | Reached XP level 2. HP: 18/24 MP: 4/4
   527 | D:1      | Found Wecithat's Magic Scroll Emporium.
   901 | D:2      | Reached skill level 4 in Unarmed Combat
   901 | D:2      | Reached XP level 3. HP: 27/29 MP: 5/5
  1442 | D:2      | Reached XP level 4. HP: 36/36 MP: 6/6
  2446 | D:4      | Found a staircase to the Ecumenical Temple.
  2689 | D:4      | Reached skill level 5 in Unarmed Combat
  2789 | D:4      | Found Joipnaw's Antique Armour Shop.
  3235 | D:4      | Reached XP level 5. HP: 41/41 MP: 7/7
  3476 | D:5      | Entered Level 5 of the Dungeon
  3549 | D:1      | Bought a scroll of enchant armour for 105 gold pieces
  3719 | D:5      | Identified the +5 spear of Learisk {antimagic, *Rage Int+3
                  | SInv}
  3819 | D:5      | Noticed a water moccasin
  3831 | D:5      | Killed a water moccasin
  3832 | D:5      | Reached skill level 6 in Unarmed Combat
  3838 | D:5      | HP: 2/41 [poisoned by a water moccasin]
  4155 | D:5      | Reached XP level 6. HP: 38/48 MP: 8/8
  4241 | D:5      | Reached skill level 7 in Unarmed Combat
  4455 | D:5      | Noticed Grinder
  4470 | D:5      | Paralysed by Grinder for 5 turns
  4482 | D:5      | Paralysed by Grinder for 2 turns
  4487 | D:5      | Killed from afar by Grinder

Illustrated notes

Levels and vault maps discovered:
D:1:      roderic_chinese_lattice_arrival, layout_loops_cross, serial_shops,
          shop_scrolls, nicolae_kite_square_tiling_tiny
D:2:      layout_loops_ring, grunt_ministairs_12, minmay_goblin_outpost
D:3:      layout_loops_ring, dreamdust_ecumenical_altar_statues
D:4:      layout_basic, mainiacjoe_overflow_surrounded_room,
          minmay_temple_entry_grid, serial_shops, nicolae_diamond_shop
D:5:      layout_loops_ring, kennysheep_little_box, uniq_grinder

Skill      XL: |  1  2  3  4  5  6 |
---------------+-------------------+-----
Unarmed Combat | 3 4 5 6 7 |  7.2
Fighting       | |  1.7
Throwing       | |  1.7
Dodging        | |  2.6

Action                     |  1- 3 |  4- 6 || total
---------------------------+-------+-------++-------
  Melee: Unarmed           |   188 |   189 ||   377
         Punch             |     8 |     5 ||    13
  Throw: Boomerang         |     2 |     7 ||     9
         Throwing net      |       |     3 ||     3
         Javelin           |       |     2 ||     2
    Use: Scroll            |     6 |     8 ||    14
 Armour: Leather armour    |     9 |       ||     9
         Ring mail         |    24 |       ||    24
         Scale mail        |    47 |    78 ||   125
  Dodge: Dodged            |    89 |    72 ||   161

Table legend: (Time is in decaauts)
 A = Elapsed time spent in this place.
 B = Non-inter-level travel time spent in this place.
 C = Inter-level travel time spent in this place.
 D = Time resting spent in this place.
 E = Time spent auto-exploring this place.
 F = Levels seen in this place.
 G = Mean time per level.
                   A        B        C        D        E       F      G
               +--------+--------+--------+--------+--------+-----+--------+
         Total |   4458 |   4094 |    364 |    621 |   2554 |   5 |  891.6 |
       Dungeon |   4458 |   4094 |    364 |    621 |   2554 |   5 |  891.6 |
               +--------+--------+--------+--------+--------+-----+--------+

Top non-repeatable levels by time:
     D:4: 1071 daAuts
     D:2: 972 daAuts
     D:5: 823 daAuts
     D:1: 804 daAuts
     D:3: 786 daAuts
